 Dungeon Crawl Stone Soup version 0.20.1-1-g8b1a95d (webtiles) character file.

1351 karf the Slasher (level 8, -6/61 HPs)
             Began as a Demonspawn Fighter on Oct 30, 2017.
             Was a Follower of Uskayaw.
             Killed from afar by a smoke demon (25 damage)
             ... with a ball of steam
             ... on level 1 of the Abyss.
             The game lasted 00:14:11 (5155 turns).

karf the Slasher (Demonspawn Fighter)               Turns: 5155, Time: 00:14:11

Health: -6/61      AC: 19    Str: 17    XL:     8   Next: 36%
Magic:  8/8        EV:  3    Int: 11    God:    Uskayaw [*.....]
Gold:   140        SH: 10    Dex: 13    Spells: 7/7 levels left

rFire    . . .     SeeInvis .   A - +1 falchion (slice)
rCold    + . .     Gourm    .   c - +0 shield
rNeg     . . .     Faith    .   o - +3 plate armour
rPois    .         Spirit   .   u - +0 helmet
rElec    .         Reflect  .   i - +0 cloak (curse)
rCorr    .         Harm     .   (no gloves)
MR       .....                  (no boots)
Stlth    ..........             v - amulet of magic regeneration
Regen    0.2/turn               d - ring of stealth
MPRegen  0.2/turn               (no ring)

@: no status effects
A: claws 1, icy blue scales 2, cold resistance 1
a: Stomp, Renounce Religion


You were on level 1 of the Abyss.
You worshipped Uskayaw.
Uskayaw was noncommittal.
You were not hungry.

You visited 1 branch of the dungeon, and saw 6 of its levels.
You visited the Abyss 1 time.

You collected 140 gold pieces.

Inventory:

Hand Weapons
 A - a +1 falchion of slicing (weapon)
Armour
 c - a +0 shield (worn)
 i - a cursed +0 cloak (worn)
 o - a +3 plate armour (worn)
 u - a +0 helmet (worn)
Jewellery
 d - a ring of stealth (left claw)
 v - an amulet of magic regeneration (around neck)
Wands
 y - a wand of random effects (32/48)
Scrolls
 b - a scroll of blinking {unknown}
 k - a scroll of recharging {unknown}
 l - a scroll of magic mapping {unknown}
 m - a scroll of teleportation {unknown}
 p - a scroll of immolation {unknown}
 q - a scroll of amnesia {unknown}
 r - 7 scrolls of remove curse {unknown}
 w - a scroll of enchant armour {unknown}
 x - a scroll of fear {unknown}
 C - a scroll of noise {unknown}
Potions
 g - 3 potions of curing
 n - 3 potions of haste
 s - 3 potions of agility
 t - a potion of brilliance
 z - 2 potions of heal wounds
 B - 2 potions of flight
 D - a potion of mutation
Comestibles
 f - 5 bread rations
 h - 3 meat rations
 j - 9 fruits


   Skills:
 - Level 4.5 Fighting
 * Level 6.8 Long Blades
 - Level 3.5 Armour
 + Level 6.0 Shields


You had 7 spell levels left.
You didn't know any spells.

Dungeon Overview and Level Annotations

Branches:
Dungeon (6/15)
 Temple: D:4-7

Altars:
Kikubaaqudgha
Sif Muna
Trog
Uskayaw


Innate Abilities, Weirdness & Mutations

You have sharp fingernails.
You are mostly covered in icy blue scales. (AC +3)
Your flesh is cold resistant. (rC+)


Message History

The orc wizard hits you but does no damage.
The gnoll hits you but does no damage. You block the gnoll's attack.
Your shield and plate armour prevent you from hitting the orc wizard.
The orc wizard is heavily wounded.
The orc wizard hits you but does no damage.
The gnoll hits you but does no damage. You block the orc wizard's attack.
The gnoll hits you but does no damage.
You are cast into the Abyss!
To return, you must find a gate leading back.
Killing monsters will force the Abyss to allow you passage.
This branch contains the abyssal rune of Zot.
You can no longer pass through a line of other dancers.
The smoke demon roars!
The smoke demon gestures at you. The ball of steam hits you!
* * * LOW HITPOINT WARNING * * *
Unknown command.
The smoke demon gestures at you. The ball of steam hits you!
You die...

#.... #.... .#
#...# ...# #..#
#.## ##.## ....
##...###...###..
#.....#...§.#.#
............§3#
#.....#....§#§§....
##...###..§## §3§..
# #.## ##@## #..#
##.#..#..#.# . .#.
.#... #.# ..# #...#
## ##.#..#.
.#...... .#.....
.## ..


There were no monsters in sight!

Vanquished Creatures
  Pikel (D:5)
  Edmund (D:5)
  A sky beast (D:5)
  An ogre (D:5)
  A bullfrog (D:6)
  A howler monkey (D:5)
  A crimson imp (D:5)
  An orc priest (D:4)
  A jelly (D:5)
  4 orc wizards
  An iguana (D:5)
  A worker ant (D:5)
  2 hound skeletons (D:6)
  5 adders
  A gnoll (D:6)
  A shadow imp (D:5)
  2 oozes (D:1)
  5 worms
  3 dart slugs
  2 leopard geckos
  16 orcs
  10 bats
  2 bat zombies (D:2)
  4 giant cockroaches
  6 goblins
  8 hobgoblins
  3 jackals (D:3)
  5 kobolds
  2 ball pythons
  11 frilled lizards
  A leopard gecko skeleton (D:5)
  A quokka skeleton (D:4)
  6 rats
  A rat zombie (D:2)
112 creatures vanquished.

Vanquished Creatures (others)
  2 slaves (D:5)
  An adder (D:5)
  A worm (D:5)
4 creatures vanquished.

Grand Total: 116 creatures vanquished

Notes
Turn   | Place    | Note
-------+----------+-------------------------------------------
     0 | D:1      | karf the Demonspawn Fighter began the quest for the Orb.
     0 | D:1      | Reached XP level 1. HP: 18/18 MP: 1/1
   156 | D:1      | Gained mutation: Your flesh is cold resistant. (rC+) [demonic ancestry]
   156 | D:1      | Reached XP level 2. HP: 24/24 MP: 2/2
   790 | D:1      | Gained mutation: You are partially covered in icy blue scales. (AC +2) [demonic ancestry]
   790 | D:1      | Reached XP level 3. HP: 29/29 MP: 3/3
  1280 | D:2      | Found an ancient bone altar of Kikubaaqudgha.
  1797 | D:2      | Found a faded altar of an unknown god.
  2084 | D:3      | Found a bloodstained altar of Trog.
  2088 | D:3      | Reached XP level 4. HP: 37/37 MP: 4/4
  2199 | D:3      | Reached XP level 5. HP: 30/42 MP: 5/5
  2323 | D:3      | Found a hide-covered altar of Uskayaw.
  2791 | D:3      | Became a worshipper of Uskayaw the Reveler
  2813 | D:3      | Reached * piety under Uskayaw
  3337 | D:4      | Reached ** piety under Uskayaw
  3358 | D:4      | Found a deep blue altar of Sif Muna.
  3570 | D:4      | Reached *** piety under Uskayaw
  3850 | D:4      | Gained mutation: You are mostly covered in icy blue scales. (AC +3) [demonic ancestry]
  3850 | D:4      | Reached XP level 6. HP: 27/49 MP: 6/6
  4022 | D:5      | Entered Level 5 of the Dungeon
  4048 | D:5      | Noticed a slave
  4049 | D:5      | Noticed Pikel
  4051 | D:5      | Noticed a slave
  4052 | D:5      | Noticed a slave
  4053 | D:5      | Noticed a slave
  4054 | D:5      | Noticed Edmund
  4068 | D:5      | Killed Pikel
  4068 | D:5      | Reached skill level 5 in Long Blades
  4068 | D:5      | Reached skill level 5 in Shields
  4068 | D:5      | Gained mutation: You have sharp fingernails. [demonic ancestry]
  4068 | D:5      | Reached XP level 7. HP: 18/55 MP: 7/7
  4242 | D:5      | Killed Edmund
  4279 | D:5      | Reached XP level 8. HP: 19/61 MP: 8/8
  5096 | D:6      | Reached **** piety under Uskayaw
  5123 | D:6      | Cast into level 1 of the Abyss (gnoll)
  5151 | Abyss:1  | Noticed a smoke demon
  5155 | Abyss:1  | Killed from afar by a smoke demon

Skill      XL: |  1  2  3  4  5  6  7  8 |
---------------+-------------------------+-----
Long Blades    | 2 3 5 6 |  6.8
Shields        | 3 4 5 6 |  6.0
Armour         | 3 |  3.5
Fighting       | 4 |  4.5

Action                   |  1- 3 |  4- 6 |  7- 9 || total
-------------------------+-------+-------+-------++-------
Melee: Long sword        |   131 |   296 |    84 ||   511
       Falchion          |       |       |    63 ||    63
  Use: Potion            |       |     1 |     3 ||     4
       Scroll            |       |       |     6 ||     6
 Stab: Paralysed         |       |     2 |     1 ||     3
  Eat: Chunk             |     3 |     8 |     4 ||    15
Armor: Scale mail        |    43 |       |       ||    43
       Plate armour      |    40 |   252 |    86 ||   378
Dodge: Dodged            |    27 |    37 |    11 ||    75
Block: Shield            |    57 |   183 |    62 ||   302
       Rpst.: Long sword |    13 |    10 |     2 ||    25
       Falchion          |       |       |     2 ||     2
